 Dungeon Crawl Stone Soup version 0.20-a0-959-gdc9e609 (webtiles) character file.

19 Firecrotchwizard the Insei (level 2, 0/21 HPs)
             Began as a Merfolk Transmuter on Apr 6, 2017.
             Slain by a kobold
             ... wielding a +0 dagger
              (1 damage)
             ... on level 1 of the Dungeon.
             The game lasted 00:02:01 (431 turns).

Firecrotchwizard the Insei (Merfolk Transmuter)      Turns: 431, Time: 00:02:02

Health: 0/21       AC:  2    Str: 10    XL:     2   Next: 75%
Magic:  4/5        EV: 13    Int: 12    God:
Gold:   28         SH:  0    Dex: 14    Spells: 2/5 levels left

rFire    . . .     SeeInvis .     - Unarmed
rCold    . . .     Gourm    .   (no shield)
rNeg     . . .     Faith    .   b - +0 robe
rPois    .         Spirit   .   (no helmet)
rElec    .         Reflect  .   (no cloak)
rCorr    .         Harm     .   (no gloves)
MR       .....                  (no boots)
Stlth    +.........             (no amulet)
Regen    0.1/turn               (no ring)
MPRegen  0.1/turn               (no ring)

@: appendage (expiring)
A: change form in water, swift swim, stealthy swim, horns 2
a: End Transformation


You were on level 1 of the Dungeon.
You were not hungry.
You had grown temporary horns.
You visited 1 branch of the dungeon, and saw 1 of its levels.

You collected 28 gold pieces.

Inventory:

Missiles
 a - 12 arrows
Armour
 b - a +0 robe (worn)
Scrolls
 e - a scroll of teleportation {unknown}
Books
 c - a book of Changes

   Spells                             Type                      Level
   a - Beastly Appendage              Transmutation                1
   b - Sticks to Snakes               Transmutation                2
   c - Spider Form                    Transmutation/Poison         3
   d - Ice Form                       Ice/Transmutation            4
   e - Blade Hands                    Transmutation                5
Comestibles
 d - a bread ration
 f - a meat ration


   Skills:
 - Level 1.1 Fighting
 - Level 2.6 Dodging
 * Level 3.8 Unarmed Combat
 - Level 2.0 Spellcasting
 * Level 3.5 Transmutations


You had 2 spell levels left.
You knew the following spells:

 Your Spells              Type           Power        Failure   Level  Hunger
a - Beastly Appendage     Tmut           #.....       8%          1    ##.....
b - Sticks to Snakes      Tmut           #.......     12%         2    ###....


Dungeon Overview and Level Annotations

Branches:
Dungeon (1/15)

Altars:


Innate Abilities, Weirdness & Mutations

You revert to your normal form in water.
You are very nimble and swift while swimming.
You are very stealthy in the water. (Stealth+)
You have a pair of horns on your head.


Message History

Confirm with . or Enter, or press ? or * to list all spells.
You grow a pair of large bovine horns.
The bat hits you but does no damage. The leopard gecko misses you.
The kobold barely misses you. The leopard gecko barely misses you.
You barely miss the leopard gecko. Your headbutt misses the leopard gecko.
The leopard gecko is almost dead.
The bat barely misses you. The leopard gecko barely misses you.
The kobold hits you with a dagger.
You are too injured to fight recklessly!
You barely miss the leopard gecko. Your punch misses the leopard gecko.
The leopard gecko is almost dead.
Your transformation is almost over.
The bat barely misses you. The leopard gecko bites you.
You hit the kobold but do no damage. The kobold misses you.
The leopard gecko bites you.
* * * LOW HITPOINT WARNING * * *
You barely miss the kobold. The bat hits you.
* * * LOW HITPOINT WARNING * * *
The kobold hits you with a dagger.
You die...

... .... .... #
...# #. ..#####
..###.##b....#
......K......######
......l@..........
########........#
#........#
#........#
#.......%#
#.....##.#
###.#.##.###
#####+#......#
#........#.#.#


You could see a leopard gecko, a bat and a kobold.

Vanquished Creatures
  An ooze (D:1)
  2 giant cockroaches (D:1)
  4 goblins (D:1)
  2 jackals (D:1)
  A frilled lizard (D:1)
  3 kobolds (D:1)
13 creatures vanquished.

Notes
Turn   | Place    | Note
-------+----------+-------------------------------------------
     0 | D:1      | Firecrotchwizard the Merfolk Transmuter began the quest for the Orb.
     0 | D:1      | Reached XP level 1. HP: 15/15 MP: 3/3
    90 | D:1      | Reached XP level 2. HP: 3/21 MP: 3/5
   399 | D:1      | Learned a level 2 spell: Sticks to Snakes
   431 | D:1      | HP: 1/21 [bat (1)]
   431 | D:1      | Slain by a kobold

Vault maps used:
D:1:      minmay_arrival_arboretum_small

Skill      XL: |  1 |
---------------+----+-----
Transmutations | 3 |  3.5
Fighting       | |  1.1
Dodging        | |  2.6
Unarmed Combat | |  3.8
Spellcasting   | |  2.0

Action                   || total
-------------------------++-------
Melee: Unarmed           ||    36
       Headbutt          ||     5
       Punch             ||     1
 Cast: Beastly Appendage ||     5
 Stab: Sleeping          ||     1
Armor: Robe              ||     9
Dodge: Dodged            ||    29
